 Dungeon Crawl Stone Soup version 0.18-a0-674-g00855b9 (webtiles) character file.

375 xeno23 the Insei (level 7, -2/55 HPs)
             Began as a Human Monk on Dec 6, 2015.
             Killed from afar by an orc wizard (9 damage)
             ... with a puff of flame
             ... on level 6 of the Dungeon.
             The game lasted 00:09:45 (3220 turns).

xeno23 the Insei (Human Monk)                       Turns: 3220, Time: 00:09:45

Health: -2/55      AC:  6    Str: 15    XL:     7   Next: 3%
Magic:  7/7        EV: 13    Int: 10    God:
Gold:   119        SH:  0    Dex: 17    Spells: 0 memorised, 6 levels left

rFire  . . .     SeeInvis .       - Unarmed
rCold  . . .     Clarity  .     d - +0 ring mail
rNeg   . . .     SustAt   .     (no shield)
rPois  .         Gourm    .     q - +0 helmet
rElec  .         Spirit   .     (no cloak)
rCorr  .         Dismiss  .     (no gloves)
rMut   .         Stasis   .     (no boots)
MR     .....                    (no amulet)
Stlth  +.........               (no ring)
                                t - +3 ring of strength

@: not resistant to hostile enchantments, very unstealthy
A: no striking features
a: no special abilities


You were on level 6 of the Dungeon.
You were not hungry.

You visited 1 branch of the dungeon, and saw 6 of its levels.

You collected 119 gold pieces.

Inventory:

Missiles
 o - 14 poisoned needles
 s - 88 stones (quivered)
Armour
 d - a +0 ring mail (worn)
 e - a +0 buckler
 q - a +0 helmet (worn)
Jewellery
 t - a +3 ring of strength (left hand)
Wands
 v - a wand of lightning (8)
Scrolls
 h - 4 scrolls of teleportation
 k - a scroll of remove curse
Potions
 g - 2 potions of heal wounds
 i - 2 potions of curing
 j - a potion of agility
 l - a potion of lignification
Comestibles
 a - a beef jerky
 b - 4 bread rations
 n - 7 fruits
 r - 3 meat rations
 u - a royal jelly


   Skills:
 + Level 4.7 Fighting
 + Level 4.5 Dodging
 - Level 2.0 Stealth
 * Level 5.9 Unarmed Combat


You had 6 spell levels left.
You didn't know any spells.

Dungeon Overview and Level Annotations

Branches:
Dungeon (6/15)             Temple (0/1) D:6

Altars:
Dithmenos
Elyvilon
Fedhas
Kikubaaqudgha
Okawaru
Pakellas

Annotations:
D:4 Sigmund


Message History

You take 16 damage.
You closely miss the orc wizard.
The orc wizard is almost dead.
The orc wizard points at you and mumbles some strange words.
The puff of flame hits you!
* * * LOW HITPOINT WARNING * * *
A sky beast appears from thin air!
Reactivating autopickup.
The sky beast completely misses you.
You take 6 damage.
You closely miss the orc wizard.
The orc wizard is almost dead.
The orc wizard gestures wildly while chanting.
The orc wizard flickers and vanishes!
Deactivating autopickup; reactivate with Ctrl-A.
The sky beast misses you.
You hear some strange, mumbled words.
A puff of flame appears from out of thin air!
The puff of flame hits you!
You die...

,,** *,,**,................#*,.#
**,****,,**#......#.#.#.#.#.#**..
**,,**,,.##................# *..
*,,,,,,..,.......oo...#...###.#
**,,,,,*#.,#..###..oo####.###..#
**,,..,**#.,##..####.## #.....#*
#......*##.#*#..# ##ยง####.....#
.......##..###..## #..........##
...........##...@####.##........#
.................{##.####..###...
#................Yooo......# #..#
#..............####o####..## #..#
#..............##.....##..# #..#
...............#.......#.## ##.##
...............#.......#..#*#..##
..................._......,,.....
...#........#..#.......#.##,###*#


You could see a sky beast and 3 orcs.

Vanquished Creatures
  A centaur (D:5)
  A hound (D:3)
  3 orc wizards (D:3)
  A giant frog skeleton (D:5)
  A worker ant (D:5)
  2 gnolls (D:5)
  4 adders
  2 oozes
  2 worms
  4 giant geckos
  2 orcs (D:3)
  12 bats
  5 giant cockroaches
  7 hobgoblins
  3 jackals (D:5)
  2 quokkas (D:2)
  2 ball pythons
  5 giant newts
  4 goblins
  5 kobolds
  5 rats
73 creatures vanquished.

Notes
Turn   | Place    | Note
--------------------------------------------------------------
     0 | D:1      | xeno23 the Human Monk began the quest for the Orb.
     0 | D:1      | Reached XP level 1. HP: 18/18 MP: 1/1
   105 | D:1      | Reached XP level 2. HP: 22/24 MP: 2/2
   570 | D:1      | Reached XP level 3. HP: 25/29 MP: 3/3
   707 | D:2      | Found an oddly glowing altar of Pakellas.
   866 | D:2      | Found an iron altar of Okawaru.
  1270 | D:3      | Reached XP level 4. HP: 34/36 MP: 4/4
  1298 | D:3      | Found an ancient bone altar of Kikubaaqudgha.
  1298 | D:3      | Found a blossoming altar of Fedhas.
  1639 | D:3      | Reached XP level 5. HP: 38/42 MP: 5/5
  1709 | D:3      | Reached skill level 5 in Unarmed Combat
  2014 | D:3      | Reached XP level 6. HP: 21/48 MP: 6/6
  2130 | D:3      | Found a shadowy altar of Dithmenos.
  2335 | D:4      | Noticed Sigmund
  2344 | D:5      | Entered Level 5 of the Dungeon
  2344 | D:5      | Noticed a sky beast
  2983 | D:5      | Reached XP level 7. HP: 26/55 MP: 7/7
  3115 | D:6      | Found a white marble altar of Elyvilon.
  3185 | D:6      | Found a staircase to the Ecumenical Temple.
  3220 | D:6      | Killed from afar by an orc wizard

Vault maps used:
D:1:      minmay_arrival_five_plusses, minmay_tree_intersection
D:2:      overflow_temple_1_default, okawaru_trees_1
D:3:      gammafunk_temple_overflow_forgotten
D:4:      overflow_temple_1_default, grunt_gozag_breadcrumbs, first_bread,
          uniq_robin, uniq_blork_the_orc, uniq_natasha, uniq_sigmund,
          uniq_menkaure
D:5:      serial_shops, nicolae_shop_waterfront, kennysheep_pointless_box
D:6:      old_standard_altar, minmay_temple_entry_glass, serial_shops,
          kennysheep_little_box

Action                   |  1- 3 |  4- 6 |  7- 9 || total
-------------------------+-------+-------+-------++-------
Melee: Unarmed           |   140 |   213 |    23 ||   376
Throw: Stone             |       |     3 |       ||     3
  Use: Scroll            |       |     5 |     4 ||     9
 Stab: Sleeping          |     4 |     1 |       ||     5
       Distracted        |       |     1 |       ||     1
  Eat: Chunk             |       |     7 |     1 ||     8
